Map: Apotheosis LE

Players

ByRada - Winner!

  • Race: Zerg Zerg
  • League: Grandmaster
  • Spawn Location: 5:00

JimRising

  • Race: Zerg Zerg
  • League: Master
  • Spawn Location: 11:00

Event: Copa América 2016 Grand Finals

VOD

Have the link to the VOD?

Description

Time

  • Played on: Oct. 13, 2016, 3:13 p.m.
  • Length: 11:40

All games in this series

Show
View Real Time Build Order
Export as new Build Order

ByRada Zerg - Winner!

Build Orders: Hatch First 

Get SALT Encoding   

  12  0:02  Drone  
  13  0:09  Drone  
  14  0:17  Overlord  
  14  0:22  Extractor  
  14  0:23  Drone  
  16  0:35  Drone x2  
  17  0:54  Hatchery  
  16  0:57  Drone  
  16  1:00  Drone  
  16  1:03  Extractor  
  17  1:18  Spawning Pool  
  17  1:22  Drone  
  17  1:30  Drone  
  17  1:31  Drone  
  19  1:38  Overlord  
  19  1:49  Drone  
  20  2:00  Drone  
  21  2:04  Metabolic Boost  
  21  2:05  Queen  
  23  2:11  Zergling x2  
  24  2:16  Queen  
  24  2:21  Drone  
  27  2:26  Drone  
  28  2:31  Drone  
  28  2:35  Drone  
  30  2:44  Drone  
  30  2:45  Roach Warren  
  30  2:47  Drone  
  30  2:49  Drone  
  32  2:55  Drone x2  
  34  3:04  Overlord  
  34  3:10  Extractor  
  34  3:11  Drone  
  34  3:12  Drone  
  35  3:14  Drone  
  36  3:20  Overlord  
  36  3:28  Overlord  
  36  3:30  Roach x4  
  36  3:34  Overlord  
  44  3:40  Roach  
  44  3:41  Roach  
  48  3:44  Zergling x2  
  49  3:49  Overlord  
  49  3:56  Zergling x6  
  49  3:57  Zergling x2  
  49  3:59  Zergling x6  
  56  4:07  Zergling x4  
  58  4:21  Zergling x2  
  58  4:22  Zergling x2  
  60  4:25  Zergling x4  
  60  4:26  Zergling x4  
  60  4:30  Spine Crawler, Drone  
  64  4:31  Zergling x6  
  64  4:36  Hatchery  
  66  4:46  Drone x2  
  66  4:48  Lair  
  68  4:58  Drone x3  
  68  4:59  Drone  
  61  5:22  Drone  
  61  5:23  Drone  
  61  5:27  Roach  
  61  5:28  Roach x3  
  50  5:34  Drone x2  
  47  5:41  Extractor  
  47  5:42  Roach  
  48  5:44  Zergling x2  
  48  5:49  Spire  
  48  5:51  Roach x2  
  48  5:56  Roach  
  54  5:58  Queen  
  56  6:09  Drone x3  
  56  6:10  Drone x4  
  60  6:20  Drone  
  60  6:21  Drone x3  
  63  6:30  Drone  
  63  6:31  Drone x6  
  69  6:35  Extractor, Queen  
  66  6:43  Overlord  
  65  7:02  Mutalisk x7  
  65  7:05  Zerg Flyer Weapons Level 1  
  65  7:07  Drone x2  
  77  7:17  Drone x5  
  77  7:21  Mutalisk  
  84  7:31  Drone x4  
  84  7:32  Drone x2  
  90  7:38  Overlord x2  
  90  7:44  Extractor x2  
  88  7:53  Mutalisk  
  88  7:57  Mutalisk x2  
  94  8:00  Hatchery  
  94  8:04  Mutalisk x2  
  97  8:10  Overlord  
  97  8:11  Drone x2  
  97  8:12  Drone x2  
  101  8:15  Baneling Nest  
  101  8:16  Evolution Chamber  
  99  8:23  Mutalisk x2  
  99  8:26  Overlord  
  99  8:27  Overlord  
  103  8:33  Drone x3  
  103  8:34  Drone x3  
  109  8:46  Mutalisk x3  
  109  8:47  Mutalisk  
  117  8:54  Zerg Melee Weapons Level 1  
  117  9:01  Overseer  
  117  9:02  Overlord x2  
  117  9:07  Zerg Flyer Armor Level 1  
  117  9:12  Zergling x16  
  117  9:13  Zergling x2  
  126  9:20  Zergling x2  
  126  9:21  Zergling x12  
  133  9:28  Overlord  
  133  9:29  Zergling x6  
  133  9:30  Zergling x4  
  138  9:44  Zergling x4  
  138  9:45  Zergling x8  
  144  9:53  Zergling x2  
  144  9:54  Zergling x10  
  144  9:56  Queen  
  140  10:00  Zergling x10  
  140  10:02  Centrifical Hooks  
  140  10:05  Zergling x2  
  140  10:06  Zergling x2  
  147  10:09  Baneling  
  147  10:10  Baneling x17  
  147  10:17  Zergling x10  
  139  10:49  Zergling x2  
  129  10:50  Zergling x28  
  133  11:00  Mutalisk  
  133  11:01  Mutalisk x3  
  135  11:06  Mutalisk  
  131  11:14  Mutalisk x2  
  131  11:15  Mutalisk  
Show
View Real Time Build Order
Export as new Build Order

JimRising Zerg 

Build Orders: Hatch First, Zergling Baneling 

Get SALT Encoding   

  12  0:00  Drone  
  13  0:12  Overlord  
  13  0:17  Drone  
  14  0:31  Drone x2  
  14  0:34  Drone  
  17  0:55  Hatchery  
  16  0:58  Drone  
  16  1:01  Drone  
  18  1:14  Extractor  
  18  1:18  Spawning Pool  
  16  1:20  Drone  
  16  1:24  Drone  
  18  1:28  Drone  
  19  1:38  Overlord  
  19  1:49  Drone  
  20  2:01  Drone  
  21  2:04  Queen  
  21  2:06  Queen  
  21  2:07  Zergling x2  
  26  2:12  Drone  
  27  2:16  Metabolic Boost  
  27  2:21  Drone  
  28  2:23  Drone  
  28  2:29  Drone  
  30  2:31  Drone  
  30  2:36  Baneling Nest  
  30  2:44  Zergling x2  
  30  2:45  Drone  
  32  2:58  Hatchery  
  31  3:01  Drone  
  31  3:05  Drone  
  32  3:06  Overlord  
  32  3:15  Spine Crawler, Drone  
  32  3:24  Zergling x4  
  32  3:25  Zergling x4  
  36  3:29  Zergling x4  
  36  3:31  Zergling x2  
  39  3:36  Zergling x4  
  41  3:46  Zergling x2, Overlord  
  41  3:47  Zergling x4  
  44  3:48  Baneling  
  44  3:49  Baneling  
  44  4:02  Overlord  
  44  4:13  Drone  
  44  4:15  Roach Warren  
  42  4:21  Zergling x14  
  47  4:30  Baneling x2  
  47  4:31  Baneling x2  
  47  4:32  Baneling x2  
  47  4:33  Zergling x4  
  47  4:37  Zergling x6  
  52  4:42  Drone x2  
  54  4:50  Zergling x8  
  58  4:54  Baneling x3  
  58  4:55  Baneling  
  58  5:05  Overlord  
  58  5:14  Zergling x2, Roach x3  
  56  5:15  Roach  
  56  5:19  Zergling x2  
  56  5:20  Zergling x2  
  61  5:26  Zergling x8  
  57  5:35  Drone x3  
  60  5:36  Queen  
  62  5:43  Drone x2  
  62  5:44  Overlord  
  64  5:52  Baneling x2  
  64  5:53  Drone x2  
  64  5:54  Overlord  
  66  5:58  Extractor  
  66  6:04  Drone x3  
  67  6:06  Evolution Chamber, Drone  
  67  6:11  Overlord  
  66  6:24  Drone  
  64  6:26  Overlord  
  64  6:27  Lair  
  64  6:28  Roach x3  
  68  6:33  Roach  
  68  6:34  Overlord  
  68  6:38  Zergling x4  
  68  6:39  Zergling x4  
  66  6:47  Queen  
  67  6:55  Drone x2  
  67  6:58  Drone  
  67  6:59  Drone x2  
  67  7:00  Zerg Missile Weapons Level 1  
  72  7:03  Roach x3  
  72  7:04  Zergling x2  
  79  7:13  Queen  
  80  7:16  Spore Crawler  
  80  7:17  Roach x2  
  82  7:25  Drone x3  
  82  7:26  Extractor  
  80  7:35  Glial Reconstitution, Spore Crawler  
  80  7:36  Drone  
  80  7:37  Spore Crawler  
  79  7:38  Drone  
  79  7:39  Spore Crawler, Drone  
  79  7:41  Drone x2  
  79  7:43  Drone x2  
  84  7:44  Spore Crawler  
  84  7:49  Spore Crawler, Drone  
  83  7:59  Queen  
  83  8:00  Queen  
  85  8:15  Drone x3  
  85  8:16  Drone x3  
  85  8:17  Hydralisk Den  
  85  8:19  Drone  
  91  8:20  Extractor  
  91  8:22  Extractor, Roach x2  
  91  8:23  Roach  
  91  8:26  Roach  
  101  8:27  Roach x4  
  105  8:39  Queen  
  105  8:44  Drone x2  
  105  8:45  Drone  
  106  8:54  Zerg Missile Weapons Level 2, Spore Crawler  
  105  8:56  Evolution Chamber  
  105  8:58  Extractor  
  105  8:59  Drone x3  
  105  9:01  Infestation Pit  
  105  9:06  Overlord  
  105  9:07  Overlord x3  
  105  9:25  Drone  
  105  9:26  Drone x3  
  105  9:28  Drone  
  105  9:29  Hydralisk, Overlord  
  105  9:30  Hydralisk x4  
  120  9:39  Hatchery, Drone  
  120  9:41  Hydralisk x2  
  120  9:42  Hydralisk  
  126  9:48  Hydralisk x2  
  124  9:55  Infestor  
  124  9:59  Roach x2  
  98  10:00  Roach x2  
  98  10:03  Drone  
  98  10:04  Drone  
  98  10:05  Infestor  
  102  10:11  Roach x3  
  108  10:18  Hydralisk  
  108  10:19  Hydralisk x2  
  114  10:29  Drone  
  114  10:34  Roach x3  
  114  10:35  Roach x3  
  122  10:49  Hydralisk x3  
  75  10:50  Hydralisk x3  
  75  10:53  Hydralisk  
  62  11:05  Hydralisk x3  
  62  11:11  Hydralisk  
  66  11:14  Roach  
  66  11:16  Roach  
  64  11:19  Roach  
Tags
 
Add a new tag
Caveats
  • Supply blocks, unpowered buildings, or Contaminate may cause inaccurate times.
  • Supply counts are checked every 10 seconds.